 Dungeon Crawl Stone Soup version 0.30-b1-2-g02819fbbbe (webtiles) character file.

Game seed: 3805238966514094777

1956388 emiel the Phalangite (level 27, 209/209 HPs)
             Began as a Demonspawn Berserker on Jan 9, 2024.
             Was a High Priest of Trog.
             Escaped with the Orb
             ... and 3 runes!
             The game lasted 01:29:01 (52796 turns).

emiel the Phalangite (Demonspawn Berserker)        Turns: 52796, Time: 01:29:02

Health: 209/209    AC: 44    Str: 35    XL:     27
Magic:  23/23      EV: 19    Int:  5    God:    Trog [*****.]
Gold:   3404       SH:  4    Dex: 14    Spells: 26/26 levels left

rFire   + + +        y - +9 bardiche (vamp)
rCold   + + +        (shield currently unavailable)
rNeg    + + +        v - +9 gold dragon scales
rPois   +            Q - +2 hat {SInv}
rElec   +            t - scarf {rC+ rF+}
rCorr   +            (gloves unavailable)
SInv    +            E - +0 pair of boots of Luckic {rElec Regen+}
Will    ++...        C - amulet "Masiol" {Acrobat *Slow +Blink rN+++ rCorr} Stlth
                     a - ring of Plog {rF+ rC+ Stlth+}
HPRegen 1.34/turn    Y - ring "Exeol" {Fly Str+6 Int-5 Slay+3}
MPRegen 0.18/turn

%: slow self (1%), acrobat
@: flying, studying 3 skills
A: claws 3, icemail 2, spiny 3, sturdy frame 3, condensation shield, corrupting
presence 2, word of chaos, cold resistance 1, frail 1, poison resistance,
subdued magic 1
0: Orb of Zot
}: 3/15 runes: decaying, silver, gossamer
a: Word of Chaos, Renounce Religion, Evoke Blink, Berserk, Trog's Hand, Brothers
in Arms


You escaped.
You worshipped Trog.
Trog was extremely pleased with you.
You visited 9 branches of the dungeon, and saw 47 of its levels.
You visited the Abyss 2 times.
You also visited: Ossuary and Ice Cave.

You collected 9663 gold pieces.
You spent 6259 gold pieces at shops.

Inventory:

Hand Weapons
 y - a +9 vampiric bardiche (weapon)
Missiles
 V - 10 javelins (quivered)
 Z - 3 throwing nets
Armour
 t - a scarf of resistance (worn)
 v - +9 gold dragon scales (worn)
 E - the +0 pair of boots of Luckic (worn) {rElec Regen+}
   (You acquired it on level 8 of the Dungeon)

   rElec:     It insulates you from electricity.
   Regen:     It increases your rate of health regeneration.
 Q - a +2 hat of see invisible (worn)
Jewellery
 a - the ring of Plog (left claw) {rF+ rC+ Stlth+}
   (You acquired it on level 2 of the Depths)

   [ring of protection from fire]

   rF:        It protects you from fire.
   rC:        It protects you from cold.
   Stlth:     It makes you more stealthy.
 s - a ring of resist corrosion
 x - a ring of positive energy
 C - the amulet "Masiol" (around neck) {Acrobat *Slow +Blink rN+++ rCorr}
   (You found it on level 5 of the Vaults)

   [amulet of the acrobat]

   It increases your evasion while moving and waiting.
   rN:        It renders you almost immune to negative energy.
   +Blink:    It lets you blink.
   rCorr:     It protects you from acid and corrosion.
   *Slow:     It may slow you when you take damage.
 J - the necklace of Bloodlust {Fury *Rage Will++ Int-3 Slay+6}
   (You found it on level 13 of the Dungeon)

   [amulet of nothing]

   Fury:      It extends the wearer's berserk rage when killing foes.
   Int:       It affects your intelligence (-3).
   Slay:      It affects your accuracy & damage with ranged weapons and melee
   (+6).
   *Rage:     It berserks you when you make melee attacks (+50% chance).
   Will:      It greatly increases your willpower.
 M - the ring "Atufudum" {Fly Will++}
   (You took it off a yaktaur on level 11 of the Dungeon)

   [ring of flight]

   Fly:       It grants you flight.
   Will:      It greatly increases your willpower.
 N - an amulet of regeneration
 Y - the ring "Exeol" (right claw) {Fly Str+6 Int-5 Slay+3}
   (You acquired it on level 4 of the Swamp)

   [ring of strength]

   Str:       It affects your strength (+6).
   Int:       It affects your intelligence (-5).
   Slay:      It affects your accuracy & damage with ranged weapons and melee
   (+3).
   Fly:       It grants you flight.
Wands
 g - a wand of digging (22)
 h - a wand of charming (31)
 j - a wand of quicksilver (28)
 m - a wand of iceblast (21)
 w - a wand of flame (69)
 F - a wand of polymorph (24)
 S - a wand of mindburst (39)
Scrolls
 c - 8 scrolls of poison
 e - 3 scrolls of torment
 k - 18 scrolls of teleportation
 o - 32 scrolls of identify
 p - a scroll of butterflies
 u - 5 scrolls of blinking
 G - 13 scrolls of amnesia
 H - 10 scrolls of vulnerability
 K - 6 scrolls of immolation
 L - 3 scrolls of fog
 O - 7 scrolls of fear
 P - 3 scrolls of noise
 R - 5 scrolls of silence
 X - 9 scrolls of magic mapping
Potions
 b - 6 potions of ambrosia
 d - 6 potions of berserk rage
 f - 7 potions of flight
 i - 20 potions of curing
 l - 13 potions of lignification
 q - 10 potions of magic
 r - 9 potions of brilliance
 z - 12 potions of might
 A - 9 potions of attraction
 B - 5 potions of haste
 D - 23 potions of heal wounds
 I - 3 potions of resistance
 T - 5 potions of cancellation
 U - a potion of mutation
 W - 3 potions of invisibility
Miscellaneous
 n - a condenser vane


   Skills:
 + Level 22.5 Fighting
 - Level 24.0 Polearms
 + Level 20.7 Armour
 + Level 22.2 Dodging
 + Level 22.3 Evocations


You had 26 spell levels left.
You didn't know any spells.
Your spell library was empty.

Dungeon Overview and Level Annotations

Branches:
Dungeon (15/15)            Temple (0/1) D:5            Lair (5/5) D:8
  Swamp (4/4) Lair:2       Spider (4/4) Lair:2        Slime (0/5) Lair:4
    Orc (2/2) D:9             Elf (3/3) Orc:2        Vaults (5/5) D:14
  Crypt (0/3) Vaults:2     Depths (4/4) D:15            Zot (5/5) Depths:4
Ossuary (visited)           IceCv (visited)

Altars:
Ashenzari
Dithmenos
Gozag
Hepliaklqana
Kikubaaqudgha
Okawaru
Ru
Sif Muna
Trog
Uskayaw
Vehumet
Xom
Yredelemnul
Jiyva

Shops:
D:4 [[[[   D:14 *   Orc:1 !   Orc:2 [?[[   Elf:1 (   Elf:2 [   Vaults:5 [
Depths:1 [*(   Depths:3 *

Portals:
Hell: Depths:1 Depths:2 Depths:3 Depths:4
Abyss: Depths:3
Pandemonium: Depths:2 Depths:4
Ziggurat: Depths:2

Annotations:
D:12 exclusion: orange crystal statue
Lair:4 exclusion: 2 oklob plants
Lair:5 3 runed translucent doors, raph's ghost, journeyman KoEn
Swamp:2 1 runed translucent door, Rade's ghost, adept DjVM
Spider:3 Roxanne
Elf:1 1 runed translucent door, emiel's ghost, adept DsBe
Elf:2 3 runed translucent doors
Vaults:2 2 transporters, Phaedo's ghost, adept AtWr
Zot:2 2 transporters, exclusion: 2 orange crystal statues, Alunk's ghost, legendary GnFi; Dawneret's ghost, master GnFi
Zot:4 1 runed translucent door, Ceropih's ghost, master HOFi
Zot:5 3 exclusions


Innate Abilities, Weirdness & Mutations

You have claws for hands.
A meltable icy envelope protects you from harm. (AC +8)
You are completely covered in sharp spines.
Your movements are significantly less encumbered by armour. (ER -6)
A meltable shield of frost defends you. (SH +4)
Your presence sometimes corrodes or deforms those you injure.
You can speak a Word of Chaos.
Your flesh is cold resistant. (rC+)
You are frail. (-10% HP)
Your system is resistant to poisons. (rPois)
Your spells are a little easier to cast, but a little less powerful.


Message History

(Z) Zot
Where to? (Enter - D:2, ? - help)
An Orb Guardian comes into view.
You reach to attack!
You hit the Orb Guardian but do no damage.
You miss the Orb Guardian. The Orb Guardian hits you.
You carve the Orb Guardian like a ham!!!
Your corrupting presence corrodes the Orb Guardian!
You feel better.
The Orb Guardian is heavily wounded.
The Orb Guardian hits you but does no damage.
You open the Orb Guardian like a pillowcase!!!!
You kill the Orb Guardian!
Trog accepts your kill.
No target in view!
No target in view!
Unknown command.
No target in view!
(D) Dungeon (T) Temple (L) Lair (S) Swamp (N) Spider Nest (M) Slime Pits (O) Orcish Mines (E) Elven Halls (V) Vaults (C) Crypt (U) Depths (H) Hell (Z) Zot
Where to? (Enter - D:1, ? - help)
You reach down and open the door.
There is an open door here.
There is an open door here.
There is a stone staircase leading up here.
You fly upwards.
There is a stone staircase leading down here.
A demonspawn blood saint, a balrug and a demonspawn warmonger come into view.
The balrug is wielding a +1 demon whip of draining.
The demonspawn warmonger is wielding a +1 demon whip of freezing.
Blink to where?
Press: ? - help, Dir - move target
As you read the scroll of blinking, it crumbles to dust.
The demonspawn blood saint moves out of view.
The balrug moves out of view.
The demonspawn warmonger moves out of view.
There is an open door here.
There is a staircase leading out of the dungeon here.
You have escaped!

.......#.#..# #.#.#...# #.#.
.......#.#..# ####.#.#...# ##.#.
....##.#.#..# #....#.....###....
....##.#.#..# #.##....).......#.
.#.###.#.#..####'######...##...##
.#.# #.#....#.......#......#...#.
.#.###.#...##.8.8.8.#.###.##...#.
.#.....#....#.......#.#^.......#.
...#####..#.+.8.@.8.'.#.#..#...#.
............#.......#.#....#...#.
.##..[.##..##.8.8.8.#.######...#.
.#.....+....#.......#............
.#.....#....####'#############.##
.#...............# #...........
.###............## #.).......#.
..('............# #...........
####..........#.######.........##


There were no monsters in sight!

Vanquished Creatures
  2 dread liches
  3 orbs of fire
  Mara (Vaults:4)
  3 ancient liches (Zot:5)
  2 juggernauts (Depths:2)
  Sojobo (Vaults:3)
  Margery (Vaults:4)
  6 Killer Klowns
  4 curse toes
  8 golden dragons
  Nikola (Vaults:1)
  Arachne (Spider:3)
  A bone dragon (Zot:1)
  A doom hound (Depths:3)
  5 electric golems
  2 hellephants (Depths:3)
  17 tentacled monstrosities
  A deep elf blademaster (Elf:3)
  6 liches
  9 quicksilver dragons
  22 Orb Guardians
  4 titans
  A walking earthen tome (Depths:2)
  A deep elf master archer (Depths:3)
  11 death cobs
  Agnes (D:15)
  Gastronok (Orc:1)
  2 tentacled starspawn (Abyss:2)
  10 sphinxes
  Kirke (D:15)
  11 storm dragons
  2 thorn hunters
  7 tengu reavers
  9 fire giants
  18 shadow dragons
  A fenstrider witch (Swamp:3)
  Donald (Spider:1)
  3 draconian knights
  10 draconian monks
  10 deep elf sorcerers
  8 ghost moths
  3 iron dragons
  6 frost giants
  4 draconian scorchers
  A caustic shrike zombie (Depths:1)
  A ghoul (Swamp:4)
  Aizul (Spider:3)
  7 emperor scorpions
  An orc warlord (Vaults:4)
  Louise (D:15)
  11 draconian shifters
  19 vault wardens
  A balrug (Zot:2)
  11 deep elf elementalists
  A ghost moth (shapeshifter) (Zot:2)
  23 very ugly things
  7 draconian annihilators
  A reaper (Depths:3)
  2 draconian stormcallers
  18 ironbound preservers
  10 stone giants
  2 war gargoyles (Vaults:5)
  7 deep elf demonologists
  4 ironbound thunderhulks
  8 broodmothers
  4 spriggan defenders
  4 eleionomae
  10 dire elephants
  16 yellow draconians
  2 putrid mouths (Depths:3)
  3 vampire knights (Depths:2)
  18 red draconians
  11 black draconians
  A bunyip (Swamp:2)
  11 deep elf annihilators
  13 white draconians
  8 green draconians
  3 lorocyprocas
  A purple draconian (shapeshifter) (Zot:2)
  2 white draconians (shapeshifter) (Zot:2)
  2 pale draconians (Depths:4)
  9 purple draconians
  4 spark wasps
  6 crystal guardians
  10 deep elf death magi
  A jiangshi (Depths:3)
  An ettin (shapeshifter) (Vaults:5)
  4 fire dragons
  11 yaktaur captains
  11 entropy weavers
  28 vault guards
  8 ettins
  5 great orbs of eyes
  4 deep elf high priests (Elf:3)
  15 ice dragons
  2 hell beasts (Depths:4)
  8 hydras
  2 jorogumos
  A quicksilver dragon skeleton (Depths:1)
  6 spriggan air magi
  4 ogre magi
  A peacekeeper (Vaults:4)
  A death knight (Depths:2)
  6 rakshasas
  5 ghost crabs
  A radroach (Spider:3)
  8 ironbound frosthearts
  21 two-headed ogres
  20 centaur warriors
  2 merfolk avatars (Swamp:1)
  A spriggan skeleton (Depths:1)
  7 alligators
  A death scarab (Spider:3)
  17 dancing weapons
  6 deep troll shamans
  3 vampire magi
  6 death yaks (Lair:5)
  3 boulder beetles
  3 hell hogs (Depths:1)
  3 tengu warriors
  5 deep troll earth magi
  2 wretched stars (Abyss:2)
  5 orc high priests (Orc:2)
  6 spriggan berserkers
  11 hell knights
  A titan zombie (Depths:2)
  3 thrashing horrors (Abyss:2)
  3 soul eaters
  6 iron trolls
  4 shadow wraiths
  A sixfirhy (D:15)
  3 sun demons
  7 pharaoh ants
  12 deep elf knights
  A skeletal warrior (Depths:2)
  3 glowing orange brains
  Amaemon (D:10)
  70 deep trolls
  3 goliath frogs
  7 spriggan druids
  A quicksilver dragon simulacrum (Depths:4)
  A spriggan rider (Depths:1)
  3 death drakes
  8 orb spiders
  A golden dragon zombie (Depths:2)
  14 wizards
  A tengu zombie (Depths:1)
  15 deep elf archers
  2 swamp dragons
  3 flayed ghosts (Depths:2)
  15 steelbarb worms
  11 ironbound convokers
  6 lindwurms
  An obsidian statue (IceCv)
  5 bog bodies
  A lindwurm (shapeshifter) (Vaults:4)
  3 spriggan simulacra
  24 deep elf pyromancers
  33 deep elf zephyrmancers
  11 necromancers
  16 wolf spiders
  A frost giant zombie (Depths:2)
  7 orc knights
  2 wolf spiders (shapeshifter) (Vaults:5)
  54 ugly things
  3 manticores
  3 will-o-the-wisps
  A stone giant zombie (Depths:1)
  4 cyclopes
  An oklob plant (Lair:5)
  3 orc sorcerers
  A worldbinder (Abyss:2)
  An elephant (shapeshifter) (Vaults:5)
  2 guardian serpents (Zot:2)
  40 moths of wrath
  17 elephants
  A torpor snail (shapeshifter) (Depths:3)
  2 black mambas
  2 rust devils (D:15)
  An apocalypse crab (Zot:2)
  16 vault sentinels
  2 orange demons
  7 torpor snails
  7 smoke demons
  11 demonic crawlers
  4 cane toads
  An unseen horror (D:11)
  40 yaktaurs
  8 komodo dragons
  2 efreet
  A kobold demonologist (D:12)
  28 freezing wraiths
  2 hellions
  3 harpy zombies (Zot:2)
  A silent spectre (D:13)
  2 tormentors
  An anaconda simulacrum (IceCv)
  A polar bear (shapeshifter) (Vaults:5)
  5 ice devils
  6 polar bears (Lair:5)
  11 trolls
  2 red devils (D:15)
  16 hornets
  2 hellwings
  7 tyrant leeches
  10 raiju
  A sphinx simulacrum (Depths:1)
  28 tarantellas
  A raiju (shapeshifter) (Elf:2)
  10 blink frogs (Lair:5)
  A dream sheep (shapeshifter) (Depths:3)
  6 dream sheep
  25 culicivoras
  A frost giant simulacrum (Depths:1)
  26 slime creatures
  Sigmund (D:2)
  3 shadows
  2 water elementals
  2 culicivoras (shapeshifter)
  4 wyverns
  An ettin skeleton (Depths:1)
  67 yaks
  27 jumping spiders
  5 air elementals
  29 spriggans
  2 dire elephant simulacra (IceCv)
  2 ynoxinuls (D:15)
  4 wraiths
  3 vampires (Vaults:2)
  2 fire elementals (Elf:3)
  3 hogs (D:15)
  20 humans (D:14)
  A basilisk (D:14)
  17 vampire mosquitoes
  2 neqoxecs
  67 redbacks
  A minotaur simulacrum (IceCv)
  2 chaos spawn
  Edmund (D:4)
  2 steam dragons (Depths:4)
  5 swamp worm simulacra (Swamp:4)
  17 swamp worms
  4 acid dragons
  6 harpy simulacra (IceCv)
  6 wargs
  3 large abominations (Abyss:2)
  15 hydra simulacra
  10 water moccasins
  Duvessa (D:6)
  2 floating eyes (Depths:2)
  21 orc warriors
  2 ice beasts
  2 sky beasts
  5 black bears
  3 swamp drakes
  33 wolves
  7 alligator simulacra (IceCv)
  An ettin simulacrum (IceCv)
  10 boggarts
  6 ogres
  A phantom (D:5)
  4 lemures (D:6)
  4 centaurs
  2 kobold brigands (D:11)
  5 small abominations (Abyss:2)
  3 gnoll sergeants
  A deep troll simulacrum (IceCv)
  13 bullfrogs
  An earth elemental (Elf:2)
  A scorpion (D:7)
  2 necrophages (Swamp:4)
  3 water moccasin zombies (Ossuary)
  10 wights
  Dowan (D:6)
  8 killer bees
  2 lindwurm simulacra (IceCv)
  6 electric eels
  2 howler monkeys (D:8)
  A quasit (Abyss:2)
  5 hounds
  4 jellies
  Crazy Yiuf (D:4)
  3 gnoll boudas
  45 orc priests
  7 iguanas
  A sleepcap (D:6)
  28 orc wizards
  2 mummies (Ossuary)
  24 gnolls
  8 adders
  A shadow imp (D:6)
  3 white imps
  4 ufetubi
  3 swamp drake simulacra (Swamp:4)
  5 adder zombies (Ossuary)
  4 worms
  5 dart slugs
  77 orcs
  8 bats
  12 endoplasms
  4 giant cockroaches
  2 goblins (D:1)
  7 hobgoblins
  6 jackals
  A quokka (D:5)
  7 ball pythons
  10 frilled lizards
  5 gnoll zombies (Ossuary)
  5 hobgoblin zombies (Ossuary)
  6 kobolds
  6 kobold zombies (Ossuary)
  4 orc zombies (Ossuary)
  8 rats
  3 briar patches (Swamp:2)
  A spectral weapon (Swamp:2)
  A starspawn tentacle (Abyss:2)
2318 creatures vanquished.

Vanquished Creatures (collateral kills)
  A deep elf blademaster (Depths:3)
  2 tengu reavers (Vaults:3)
  A fenstrider witch (Swamp:2)
  A daeva (Vaults:4)
  A draconian shifter (Zot:5)
  A spark wasp (Spider:3)
  An entropy weaver (Spider:3)
  A peacekeeper (Vaults:4)
  A centaur warrior (Vaults:4)
  A vault sentinel (Vaults:4)
  A yaktaur (Vaults:4)
  A jumping spider (Spider:3)
  3 redbacks (Spider:3)
  A swamp worm (Swamp:2)
  An acid dragon (Depths:4)
18 creatures vanquished.

Vanquished Creatures (others)
  A dread lich (Zot:1)
  A lich (Vaults:5)
  A draconian knight (Zot:2)
  An orc warlord (Vaults:1)
  A bunyip (Swamp:3)
  A white draconian (Zot:1)
  A deep elf high priest (Elf:3)
  A hydra (Swamp:4)
  A deep elf knight (Elf:2)
  An orc knight (Vaults:1)
  A wizard (D:14)
  A deep elf pyromancer (Elf:1)
  An unseen horror (shapeshifter) (D:11)
  A bloated husk (Swamp:2)
  A black mamba skeleton (Abyss:2)
  A human (D:15)
  A redback (Spider:2)
  An acid dragon (Depths:4)
  A bush (Lair:5)
  2 demonic plants (D:15)
  6 foxfires (Swamp:4)
  7 fungi
  69 plants
  5 starspawn tentacles (Abyss:2)
108 creatures vanquished.

Grand Total: 2444 creatures vanquished

Notes
Turn   | Place    | Note
-------+----------+-------------------------------------------
     0 | D:1      | emiel the Demonspawn Berserker began the quest for the Orb.
     0 | D:1      | Reached XP level 1. HP: 18/18 MP: 1/1
    32 | D:1      | Reached skill level 3 in Polearms
    65 | D:1      | Gained mutation: A meltable shield of frost defends you.
                  | (SH +4) [demonic ancestry]
    65 | D:1      | Reached XP level 2. HP: 21/24 MP: 2/2
   447 | D:1      | Reached ** piety under Trog
   663 | D:1      | Reached XP level 3. HP: 28/29 MP: 3/3
   964 | D:1      | Reached skill level 4 in Polearms
  1404 | D:2      | Found a faded altar of an unknown god.
  1646 | D:2      | Noticed Sigmund
  1666 | D:2      | Killed Sigmund
  1667 | D:2      | Reached skill level 5 in Polearms
  1667 | D:2      | Reached XP level 4. HP: 35/35 MP: 4/4
  1667 | D:2      | Gained mutation: You are partially covered in sharp spines.
                  | [demonic ancestry]
  1667 | D:2      | Reached XP level 5. HP: 41/41 MP: 5/5
  2280 | D:3      | Reached skill level 6 in Polearms
  2445 | D:3      | Gained mutation: You are mostly covered in sharp spines.
                  | [demonic ancestry]
  2445 | D:3      | Reached XP level 6. HP: 45/47 MP: 6/6
  3063 | D:4      | Reached *** piety under Trog
  3157 | D:4      | Found Jengoiso's Antique Armour Shop.
  3178 | D:4      | Noticed Edmund
  3204 | D:4      | Killed Edmund
  3205 | D:4      | Reached skill level 7 in Polearms
  3287 | D:4      | Reached XP level 7. HP: 52/52 MP: 7/7
  3302 | D:4      | Found Repsorgh's Armour Boutique.
  3467 | D:4      | Found Xuneskikla's Armour Shop.
  3544 | D:4      | Found Tazxer's Antique Armour Boutique.
  3727 | D:4      | Found an iron altar of Okawaru.
  3779 | D:4      | Found an opulent altar of Gozag.
  3779 | D:4      | Found a basalt altar of Yredelemnul.
  3937 | D:4      | Found a runed translucent door.
  3938 | D:4      | Noticed Crazy Yiuf
  4020 | D:4      | Killed Crazy Yiuf
  4021 | D:4      | Reached skill level 8 in Polearms
  4075 | D:5      | Entered Level 5 of the Dungeon
  4553 | D:5      | Identified a scroll of acquirement
  4554 | D:5      | Acquired a +6 glaive of flaming
  4595 | D:5      | Reached skill level 9 in Polearms
  4595 | D:5      | Reached XP level 8. HP: 58/58 MP: 8/8
  4638 | D:5      | Found a staircase to the Ecumenical Temple.
  4654 | D:5      | Acquired 999 gold pieces
  4709 | D:4      | Bought a runed plate armour for 728 gold pieces
  4840 | D:5      | Found a hide-covered altar of Uskayaw.
  5249 | D:6      | Reached **** piety under Trog
  5250 | D:6      | Reached skill level 10 in Polearms
  5303 | D:6      | Found a broken altar of Ashenzari.
  5698 | D:6      | Found a radiant altar of Vehumet.
  5846 | D:6      | Noticed Duvessa
  5848 | D:6      | Noticed Dowan
  5851 | D:6      | Killed Duvessa
  5852 | D:6      | Reached skill level 11 in Polearms
  5855 | D:6      | Killed Dowan
  5938 | D:7      | Gained mutation: Your movements are slightly less
                  | encumbered by armour. (ER -2) [demonic ancestry]
  5938 | D:7      | Reached XP level 9. HP: 34/63 MP: 9/9
  5942 | D:7      | Found a sacrificial altar of Ru.
  6099 | D:7      | Found a sand-covered staircase.
  6104 | Ossuary  | Entered an ossuary
  6180 | Ossuary  | Reached skill level 12 in Polearms
  7066 | D:8      | Reached ***** piety under Trog
  7130 | D:8      | Reached skill level 13 in Polearms
  7176 | D:8      | Found a staircase to the Lair.
  7183 | D:8      | Acquired the +0 pair of boots of Luckic {rElec Regen+}
  7227 | D:8      | Found a bloodstained altar of Trog.
  7267 | D:8      | Gained mutation: Your movements are less encumbered by
                  | armour. (ER -4) [demonic ancestry]
  7267 | D:8      | Reached XP level 10. HP: 70/70 MP: 10/10
  7320 | D:8      | Noticed a two-headed ogre
  7330 | D:8      | Killed a two-headed ogre
  7349 | D:8      | Reached skill level 14 in Polearms
  7557 | D:8      | Reached skill level 15 in Polearms
  7973 | D:9      | Reached skill level 1 in Evocations
  8035 | D:9      | Reached XP level 11. HP: 68/75 MP: 11/11
  8135 | D:9      | Found a staircase to the Orcish Mines.
  8294 | D:9      | Found a shimmering blue altar of Sif Muna.
  8571 | D:9      | Noticed a two-headed ogre
  8575 | D:9      | Killed a two-headed ogre
  8784 | D:10     | Entered Level 10 of the Dungeon
  9029 | D:10     | Found a shadowy altar of Dithmenos.
  9032 | D:10     | Found a hazy altar of Hepliaklqana.
  9195 | D:10     | Noticed Amaemon
  9207 | D:10     | Killed Amaemon
  9207 | D:10     | Reached ****** piety under Trog
  9208 | D:10     | Reached skill level 5 in Fighting
  9501 | D:10     | Acquired a manual of Polearms
  9770 | D:11     | Received a gift from Trog
  9998 | D:11     | Noticed a fire dragon
 10001 | D:11     | Noticed a fire dragon
 10014 | D:11     | Killed a fire dragon
 10015 | D:11     | Reached XP level 12. HP: 87/87 MP: 12/12
 10020 | D:11     | Killed a fire dragon
 10021 | D:11     | Reached skill level 16 in Polearms
 10148 | D:11     | Noticed a two-headed ogre
 10158 | D:11     | Killed a two-headed ogre
 10159 | D:11     | Reached skill level 5 in Armour
 10159 | D:11     | Reached skill level 5 in Dodging
 10163 | D:11     | Reached skill level 5 in Evocations
 10210 | D:11     | Identified the +2 ring mail "Caif" {rN++ Str-2 Int+3 Dex+4}
 10214 | D:11     | Identified the +3 chain mail of Relativism {*Slow rCorr
                  | Dex+6 Stlth+}
 10283 | D:11     | Noticed a two-headed ogre
 10292 | D:11     | Killed a two-headed ogre
 10319 | D:11     | Noticed a two-headed ogre
 10666 | D:11     | Noticed a boulder beetle
 10669 | D:11     | Noticed a centaur warrior
 10678 | D:11     | Noticed a four-headed hydra
 10684 | D:11     | Killed a boulder beetle
 10688 | D:11     | Killed a one-headed hydra
 10693 | D:11     | Killed a centaur warrior
 10731 | D:11     | Identified the +2 flail "Nocaitai" {freeze, +Blink rF++
                  | Will- Dex+3}
 10731 | D:11     | Identified the ring "Atufudum" {Fly Will++}
 10756 | D:11     | Killed a two-headed ogre
 10788 | D:11     | Noticed a four-headed hydra
 10794 | D:11     | Killed a one-headed hydra
 10822 | D:11     | Identified the staff of fire "Teoqo" {rF+ Stlth+}
 10829 | D:11     | Reached XP level 13. HP: 96/96 MP: 13/13
 10832 | D:11     | Identified the staff of death "Micziget" {Fly rN+ Will++
                  | rCorr Str-5}
 11185 | D:12     | Reached skill level 17 in Polearms
 11199 | D:12     | Received a gift from Trog
 11723 | Lair:1   | Entered Level 1 of the Lair of Beasts
 12641 | Lair:2   | Found a hole to the Spider Nest.
 12906 | Lair:2   | Received a gift from Trog
 13074 | Lair:2   | Found a staircase to the Swamp.
 14951 | Lair:4   | Found a staircase to the Slime Pits.
 15002 | Lair:5   | Entered Level 5 of the Lair of Beasts
 15020 | Lair:5   | Reached XP level 14. HP: 108/108 MP: 14/14
 15046 | Lair:5   | Reached skill level 18 in Polearms
 15194 | Lair:5   | Identified the +1 helmet "Heugiane" {rC+}
 15249 | Lair:5   | Received a gift from Trog
 15445 | Lair:5   | Found a runed translucent gate.
 15445 | Lair:5   | Found a runed translucent gate.
 15445 | Lair:5   | Found a runed translucent gate.
 15446 | Lair:5   | Noticed raph's ghost (journeyman KoEn)
 15769 | Lair:5   | Reached skill level 10 in Fighting
 16402 | Orc:1    | Entered Level 1 of the Orcish Mines
 16481 | Orc:1    | Noticed Gastronok
 16493 | Orc:1    | Killed Gastronok
 16637 | Orc:2    | Entered Level 2 of the Orcish Mines
 16637 | Orc:2    | Found a staircase to the Elven Halls.
 16662 | Orc:2    | Received a gift from Trog
 16971 | Orc:2    | Found Ytulono's Armour Shop.
 16971 | Orc:2    | Found Lutemie's Armour Shoppe.
 17126 | Orc:2    | Received a gift from Trog
 17156 | Orc:2    | Found Homm's Armour Shop.
 17156 | Orc:2    | Found Emurius's Magic Scroll Shoppe.
 17173 | Orc:2    | Bought a scroll of enchant weapon for 120 gold pieces
 17406 | Orc:1    | Reached skill level 19 in Polearms
 17406 | Orc:1    | Gained mutation: You have sharp fingernails. [demonic
                  | ancestry]
 17406 | Orc:1    | Reached XP level 15. HP: 109/117 MP: 15/15
 17408 | Orc:1    | Found Gaxki's Distillery.
 17733 | D:4      | Bought a glowing scarf for 224 gold pieces
 18550 | D:13     | Found a bloodstained altar of Trog.
 18550 | D:13     | Found the necklace of Bloodlust {Fury *Rage Will++ Int-3
                  | Slay+6}
 18737 | D:13     | Found a transporter.
 18823 | D:13     | Found a transporter.
 18823 | D:13     | Found a runed translucent door.
 18853 | D:13     | Reached skill level 10 in Evocations
 18912 | D:13     | Identified the +2 chain mail of the Rose {rElec}
 19227 | D:14     | Received a gift from Trog
 19268 | D:14     | Found a gate to the Vaults.
 19275 | Abyss:2  | Cast into level 2 of the Abyss (a wizard)
 19363 | Abyss:2  | Reached skill level 10 in Armour
 19363 | Abyss:2  | Reached skill level 10 in Dodging
 19371 | Abyss:2  | HP: 1/91 [small abomination (14)]
 19476 | Abyss:2  | Noticed a tentacled starspawn
 19482 | Abyss:2  | Killed a tentacled starspawn
 19529 | Abyss:2  | Found a corrupted altar of Lugonu.
 19543 | D:14     | Escaped the Abyss
 19605 | D:14     | Found Nixivviymp's Needful Niceties.
 19890 | D:15     | Entered Level 15 of the Dungeon
 19892 | D:15     | Noticed Agnes
 19900 | D:15     | Killed Agnes
 20063 | D:15     | Noticed Kirke
 20078 | D:15     | Killed Kirke
 20089 | D:15     | Received a gift from Trog
 20109 | D:15     | Gained mutation: You have very sharp fingernails. [demonic
                  | ancestry]
 20109 | D:15     | Reached XP level 16. HP: 126/126 MP: 16/16
 20133 | D:15     | Reached skill level 20 in Polearms
 20241 | D:15     | Noticed Louise
 20260 | D:15     | Killed Louise
 20356 | D:15     | Found a staircase to the Depths.
 20872 | Spider:1 | Entered Level 1 of the Spider Nest
 21004 | Spider:1 | Identified the +2 dire flail of Jelly's Curse {flame,
                  | rCorr} (Trog gifted it to you on level 1 of the Spider
                  | Nest)
 21004 | Spider:1 | Received a gift from Trog
 21267 | Spider:1 | Noticed Donald
 21283 | Spider:1 | Killed Donald
 22026 | Spider:2 | Acquired 633 gold pieces
 22557 | Spider:3 | Noticed Aizul
 22580 | Spider:3 | Killed Aizul
 22650 | Spider:3 | Gained mutation: Your presence sometimes corrodes those you
                  | injure. [demonic ancestry]
 22650 | Spider:3 | Reached XP level 17. HP: 135/135 MP: 17/17
 22659 | Spider:3 | Received a gift from Trog
 22666 | Spider:3 | Identified Roxanne's Vellum of Transmogrification
 22666 | Spider:3 | Noticed Roxanne
 22698 | Spider:3 | Reached skill level 21 in Polearms
 22700 | Spider:3 | Noticed Arachne
 22720 | Spider:3 | Killed Arachne
 22945 | Spider:3 | Gained mutation: You have claws for hands. [demonic
                  | ancestry]
 22945 | Spider:3 | Reached XP level 18. HP: 50/143 MP: 18/18
 23573 | Spider:4 | Entered Level 4 of the Spider Nest
 23615 | Spider:4 | Received a gift from Trog
 24079 | Spider:4 | Identified the +0 pair of boots of Claustrophobia {rElec
                  | Will+}
 25074 | Spider:4 | Received a gift from Trog
 25221 | Spider:4 | Got a gossamer rune of Zot
 25242 | Spider:4 | Gained mutation: A meltable icy envelope protects you from
                  | harm. (AC +8) [demonic ancestry]
 25242 | Spider:4 | Reached XP level 19. HP: 151/151 MP: 19/19
 25613 | Elf:1    | Entered Level 1 of the Elven Halls
 25616 | Elf:1    | Paralysed by an air elemental for 1 turns
 25665 | Elf:1    | Reached skill level 22 in Polearms
 25794 | Elf:1    | Found Biotha's Weapon Emporium.
 25836 | Elf:1    | Found a runed translucent door.
 25837 | Elf:1    | Noticed emiel's ghost (adept DsBe)
 26398 | Elf:2    | Received a gift from Trog
 26430 | Elf:2    | Found a frozen archway.
 26445 | IceCv    | Entered an ice cave
 26788 | IceCv    | Found an ancient bone altar of Kikubaaqudgha.
 27038 | IceCv    | Received a gift from Trog
 27048 | IceCv    | Reached XP level 20. HP: 144/160 MP: 20/20
 27267 | Elf:2    | Found Bohoug's Armour Shop.
 27556 | Elf:2    | Received a gift from Trog
 27963 | Elf:2    | Found a runed translucent gate.
 27964 | Elf:2    | Found a runed translucent gate.
 27964 | Elf:2    | Found a runed translucent gate.
 28072 | Elf:3    | Entered Level 3 of the Elven Halls
 28763 | Abyss:2  | Found a corrupted altar of Lugonu.
 28763 | Abyss:2  | Cast into level 2 of the Abyss (a deep elf demonologist)
 28775 | Abyss:2  | Found a runed translucent gate.
 28775 | Abyss:2  | Found a runed translucent gate.
 28775 | Abyss:2  | Found a runed translucent gate.
 28819 | Abyss:2  | Received a gift from Trog
 28835 | Abyss:2  | Found a runed translucent gate.
 28835 | Abyss:2  | Found a runed translucent gate.
 28871 | Abyss:2  | Reached skill level 15 in Fighting
 28977 | Elf:3    | Escaped the Abyss
 28998 | Elf:3    | Identified the ring of Imen {Fly SInv}
 29311 | Elf:3    | Reached skill level 23 in Polearms
 29367 | Elf:3    | Identified the +0 leather armour of the Worm {rC++ Int-2}
 29379 | Elf:3    | Identified the +8 chain mail of Indestructible Liberty
                  | {*Corrode rN+++ Str+3 Int+2}
 29395 | Elf:3    | Identified the +9 shortbow "Qyot" {drain, Will++}
 29408 | Elf:3    | Identified the +10 executioner's axe of a sewer {pain, MP-9
                  | Int+4}
 29478 | Elf:3    | Reached skill level 15 in Evocations
 29706 | Elf:3    | Received a gift from Trog
 30234 | Swamp:1  | Entered Level 1 of the Swamp
 30455 | Swamp:1  | Gained mutation: Your presence sometimes corrodes or
                  | deforms those you injure. [demonic ancestry]
 30455 | Swamp:1  | Reached XP level 21. HP: 169/169 MP: 21/21
 30941 | Swamp:2  | Found a runed translucent door.
 30944 | Swamp:2  | Noticed Rade's ghost (adept DjVM)
 30944 | Swamp:2  | Identified the +4 spear of Revolt {freeze, rN+ Int+5}
 31053 | Swamp:2  | Received a gift from Trog
 31357 | Swamp:2  | HP: 7/169 [spriggan druid/angry trees (9)]
 31985 | Swamp:4  | Entered Level 4 of the Swamp
 32483 | Swamp:4  | Identified the +1 chain mail of the Storm King {rF+++ MP+9
                  | Dex-3}
 32897 | Swamp:4  | Received a gift from Trog
 33010 | Swamp:4  | Got a decaying rune of Zot
 33065 | Swamp:4  | Acquired 830 gold pieces
 33067 | Swamp:4  | Acquired the ring "Exeol" {Fly Str+6 Int-5 Slay+3}
 33413 | Vaults:1 | Entered Level 1 of the Vaults
 33634 | Vaults:1 | HP: 8/170 [orc knight/+0 war axe (16)]
 33991 | Vaults:1 | Noticed Nikola
 34003 | Vaults:1 | Killed Nikola
 34358 | Vaults:1 | Paralysed by a sphinx for 5 turns
 34391 | Vaults:1 | Received a gift from Trog
 34993 | Vaults:2 | Reached skill level 15 in Dodging
 34997 | Vaults:2 | Reached skill level 15 in Armour
 35191 | Vaults:2 | Identified the +8 plate armour of the Everdark {rPois rF-
                  | Str+3}
 35327 | Vaults:2 | Found a staircase to the Crypt.
 35424 | Vaults:2 | Noticed Phaedo's ghost (adept AtWr)
 35425 | Vaults:2 | Found a transporter.
 35476 | Vaults:2 | Found a transporter.
 35583 | Vaults:2 | Received a gift from Trog
 35584 | Vaults:2 | Reached XP level 22. HP: 179/179 MP: 22/22
 36134 | Vaults:3 | Received a gift from Trog
 36349 | Vaults:3 | Noticed Sojobo
 36365 | Vaults:3 | Paralysed by an air elemental for 1 turns
 36367 | Vaults:3 | Killed Sojobo
 36506 | Vaults:3 | You are sucked into a shaft and drop 1 floor!
 36676 | Vaults:4 | Noticed Margery
 36694 | Vaults:4 | Killed Margery
 36768 | Vaults:4 | Received a gift from Trog
 36769 | Vaults:4 | Reached skill level 24 in Polearms
 37146 | Vaults:4 | Noticed Mennas
 37182 | Vaults:4 | HP: 1/182 [Mennas/+4 trishula of holy wrath (10)]
 37184 | Vaults:4 | Noticed Mara
 37188 | Vaults:4 | Noticed emiel's illusion
 37435 | Vaults:4 | Mennas changed into Mennas the daeva
 37435 | Vaults:4 | Noticed Mennas
 37449 | Vaults:4 | Killed Mennas the daeva
 37554 | Vaults:4 | Noticed emiel's illusion
 37557 | Vaults:4 | Killed Mara
 37832 | Vaults:4 | Gained mutation: You are completely covered in sharp
                  | spines. [demonic ancestry]
 37832 | Vaults:4 | Reached XP level 23. HP: 175/188 MP: 23/23
 38144 | Vaults:5 | Entered Level 5 of the Vaults
 38316 | Vaults:4 | Received a gift from Trog
 38439 | Vaults:5 | Paralysed by a sphinx for 3 turns
 38825 | Vaults:5 | Identified the +0 flail of the Smoking Augurer {freeze,
                  | *Slow Fly Dex+7}
 39146 | Vaults:5 | Identified the +8 halberd of Trog's Inspiration {flame,
                  | rPois rF- Will+ Str+5} (Trog gifted it to you on level 5 of
                  | the Vaults)
 39146 | Vaults:5 | Received a gift from Trog
 39247 | Vaults:5 | Identified the +5 shortbow of Wumageb {flame, rElec rF+
                  | rCorr Int+3}
 39467 | Vaults:5 | Identified the +4 mace of the Onslaught {venom, rF+ Int+3}
 39472 | Vaults:5 | Found Xall's Armour Emporium.
 39472 | Vaults:5 | Noticed a dread lich
 39480 | Vaults:5 | Paralysed by a dread lich for 4 turns
 39486 | Vaults:5 | Killed a dread lich
 39528 | Vaults:5 | Identified the staff of poison "Diegos" {rPois rF+ Will+
                  | Int+3}
 39569 | Vaults:5 | Identified the amulet "Masiol" {Acrobat *Slow +Blink rN+++
                  | rCorr}
 39787 | Vaults:5 | Identified the +7 long sword "Isigraes" {flame, Will+}
 39793 | Vaults:5 | Got a silver rune of Zot
 40007 | Depths:1 | Entered Level 1 of the Depths
 40254 | Depths:1 | Found Tegesiapp's Assorted Antiques.
 40291 | Depths:1 | Gained mutation: You can speak a Word of Chaos. [demonic
                  | ancestry]
 40291 | Depths:1 | Reached XP level 24. HP: 200/200 MP: 23/23
 40338 | Depths:1 | Found a gateway to Hell.
 40355 | Depths:1 | Received a gift from Trog
 40527 | Depths:1 | Found Havuy's Antique Weapon Boutique.
 40871 | Depths:1 | Found an ancient bone altar of Kikubaaqudgha.
 40895 | Depths:1 | Found Neyq's Antique Armour Boutique.
 40933 | Depths:1 | Bought a jewelled chain mail for 237 gold pieces
 40933 | Depths:1 | Identified the +0 chain mail of a ziggurat {MP+9 Str+2
                  | Int+2} (You bought it in a shop on level 1 of the Depths)
 41127 | Depths:1 | You are sucked into a shaft and drop 1 floor!
 41204 | Depths:2 | Found a one-way gateway to a ziggurat.
 41223 | Depths:2 | Noticed a juggernaut
 41237 | Depths:2 | Killed a juggernaut
 41339 | Depths:2 | Received a gift from Trog
 41441 | Depths:2 | Acquired the ring of Plog {rF+ rC+ Stlth+}
 41485 | Depths:2 | Identified the staff of fire "Beniahet" {rF+ Str+2 Stlth+}
 41759 | Depths:2 | Paralysed by a vampire knight for 4 turns
 41780 | Depths:2 | Identified the +3 mace of Tortfeasance {pain, rPois Int+3
                  | Stlth+}
 41781 | Depths:2 | Noticed a juggernaut
 41801 | Depths:2 | Killed a juggernaut
 41864 | Depths:2 | Paralysed by a floating eye for 2 turns
 41928 | Depths:2 | Found a one-way gate leading to the halls of Pandemonium.
 41935 | Depths:2 | Received a gift from Trog
 41986 | Depths:2 | Identified the +3 falchion "Bixt" {freeze, *Noise Int+5
                  | Dex+3}
 42294 | Depths:3 | Found a one-way gate to the infinite horrors of the Abyss.
 43243 | Depths:3 | Found Big Baal Hell's Store.
 43401 | Depths:3 | Gained mutation: A meltable icy envelope protects you from
                  | harm. (AC +8) [demonic ancestry]
 43401 | Depths:3 | Reached XP level 25. HP: 59/210 MP: 23/23
 43662 | Depths:4 | Entered Level 4 of the Depths
 43718 | Depths:4 | Identified the +0 war axe of the Hidden Vale {heavy, rN+
                  | Int-5 Stlth+}
 44061 | Depths:4 | Received a gift from Trog
 44346 | Depths:4 | Found a gate to the Realm of Zot.
 44628 | Zot:1    | Entered Level 1 of the Realm of Zot
 45622 | Depths:3 | Bought 10 scrolls of enchant weapon for 4950 gold pieces
 46426 | Zot:1    | Noticed a Killer Klown
 46433 | Zot:1    | Killed a Killer Klown
 46461 | Zot:1    | Noticed a dread lich
 46476 | Zot:1    | Killed a dread lich
 47012 | Zot:2    | Noticed an ancient lich
 47024 | Zot:2    | Noticed Dawneret's ghost (master GnFi)
 47024 | Zot:2    | Noticed Alunk's ghost (legendary GnFi)
 47224 | Zot:2    | Found a transporter.
 47253 | Zot:2    | Found a transporter.
 47309 | Zot:2    | Received a gift from Trog
 47406 | Zot:2    | Noticed an orb of fire
 47416 | Zot:2    | Gained mutation: You sometimes lose your temper in combat.
                  | [an orb of fire]
 47428 | Zot:2    | Gained mutation: Armour fits poorly on your strangely
                  | shaped body. [an orb of fire]
 47429 | Zot:2    | Gained mutation: Your body sometimes deteriorates upon
                  | taking damage. [an orb of fire]
 47431 | Zot:2    | Killed an orb of fire
 47458 | Zot:2    | Noticed a Killer Klown
 47475 | Zot:2    | Killed a Killer Klown
 47537 | Zot:2    | Lost mutation: Armour fits poorly on your strangely shaped
                  | body. [potion of mutation]
 47537 | Zot:2    | Lost mutation: Your body sometimes deteriorates upon taking
                  | damage. [potion of mutation]
 47537 | Zot:2    | Lost mutation: You sometimes lose your temper in combat.
                  | [potion of mutation]
 47537 | Zot:2    | Gained mutation: Your flesh is cold resistant. (rC+)
                  | [potion of mutation]
 47537 | Zot:2    | Gained mutation: Your system is resistant to poisons.
                  | (rPois) [potion of mutation]
 47614 | Zot:2    | Gained mutation: Your movements are significantly less
                  | encumbered by armour. (ER -6) [demonic ancestry]
 47614 | Zot:2    | Reached XP level 26. HP: 222/222 MP: 23/23
 48587 | Zot:2    | Paralysed by you for 4 turns
 48621 | Zot:2    | Found a viscous altar of Jiyva.
 48647 | Zot:2    | Found a shimmering altar of Xom.
 50117 | Zot:4    | Received a gift from Trog
 50578 | Zot:4    | Found a runed translucent door.
 50578 | Zot:4    | Noticed Ceropih's ghost (master HOFi)
 50957 | Zot:5    | Entered Level 5 of the Realm of Zot
 51503 | Zot:5    | Noticed a dread lich
 51520 | Zot:5    | Killed a dread lich
 51700 | Zot:5    | Noticed an ancient lich
 51700 | Zot:5    | Noticed an orb of fire
 51700 | Zot:5    | Noticed an orb of fire
 51712 | Zot:5    | Gained mutation: Your spells are a little easier to cast,
                  | but a little less powerful. [an orb of fire]
 51717 | Zot:5    | Killed an orb of fire
 51728 | Zot:5    | Killed an ancient lich
 51729 | Zot:5    | Reached XP level 27. HP: 231/231 MP: 23/23
 51763 | Zot:5    | Gained mutation: You are frail. (-10% HP) [an orb of fire]
 51768 | Zot:5    | Killed an orb of fire
 51959 | Zot:5    | Noticed an ancient lich
 51973 | Zot:5    | Killed an ancient lich
 52072 | Zot:5    | Got the Orb of Zot
 52099 | Zot:5    | Noticed an ancient lich
 52106 | Zot:5    | Killed an ancient lich
 52378 | Depths:4 | Noticed Zerphul the pandemonium lord
 52466 | D:14     | Noticed Omept the pandemonium lord
 52466 | D:14     | Noticed an ancient lich
 52796 | D:$      | Escaped with the Orb!

Illustrated notes

Levels and vault maps discovered:
D:1:      doesnt_arrival_eight_statues, layout_basic
D:2:      layout_basic, shapermc_ecumenical_altar_starsandcircs, serial_rivers,
          chequers_serial_rivers_small_b, chequers_serial_rivers_room_b,
          chequers_serial_rivers_small_3, chequers_serial_rivers_marsh,
          chequers_serial_rivers_micro_a, minmay_lizard_king, uniq_sigmund
D:3:      layout_loops_corners
D:4:      layout_cave_pools, okawaru_metal_pillars_1_2,
          gammafunk_temple_overflow_wave, serial_shops, shop,
          nicolae_diamond_shop, nicolae_shop_competitors_out_of_business, shop,
          uniq_edmund, uniq_crazy_yiuf_cottage
D:5:      layout_gridville, mainiacjoe_overflow_alcove_2, temple_fountains
D:6:      layout_cave_pods, lemuel_tele_altar, nicolae_ashenzari_skybound,
          uniq_pikel, uniq_duvessa
D:7:      layout_basic, lemuel_crystal_altar, nicolae_ossuary_entry_plus,
          kennysheep_potato
D:8:      argonaut_augean_stables, layout_cave_pools, trog_ov_bears_minmay,
          dpeg_oklobed_lair, dreamdust_princess_bridge, st_stairs_6,
          kennysheep_generic_room_6
D:9:      layout_loops_ring, mainiacjoe_overflow_small_starburst, erik_orc_2
D:10:     layout_irregular_city, riverfiend_overflow_shadow_ancestor,
          old_standard_altar, minmay_misc_feat_cross, grunt_decor_one_mirror,
          uniq_amaemon
D:11:     minmay_the_grid_3x3 [minmay_the_grid_dragon_a,
          minmay_the_grid_dragon_b, minmay_the_grid_outer_circle,
          minmay_the_grid_expand, minmay_the_grid_armoury,
          minmay_the_grid_tiny_cups, minmay_the_grid_minigrid_small_alt,
          minmay_the_grid_garden, minmay_the_grid_prize_four_corners_diamond_b],
          layout_grid_maze
D:12:     layout_cave_pools, minmay_statue_bubble
D:13:     emtedronai_trogs_sanctum, layout_cave_pods
D:14:     layout_rooms, grunt_vaults_entry_tiered, nicolae_alphabet_shops
D:15:     grunt_enter_depths_giant_problem, layout_cross, minivault_11,
          serial_demonic, serial_demonic_c, serial_demonic_f, serial_demonic_c,
          serial_demonic_f, uniq_agnes, uniq_louise, uniq_kirke
Lair:1:   gammafunk_indiana_jones, layout_cave_pods
Lair:2:   layout_roguey, skrybe_swamp_entry_bodies, spider_nest_entry_a,
          grunt_megastairs_4, infiniplex_staircase_pool_2
Lair:3:   layout_regular_city, chequers_serial_rivers_small_b,
          serial_bayou_lagoon_b, lemuel_fruit_fields, infiniplex_staircase_pool
Lair:4:   layout_gridlike, minmay_slime_entry_oklob_open
Lair:5:   minmay_lair_end_enchanted_forest, layout_long_grid,
          ebering_ghost_rock_garden, serial_forest,
          infiniplex_forest_lined_3_way, infiniplex_forest_straight_4,
          infiniplex_forest_straight_2, infiniplex_forest_clump_medium,
          infiniplex_forest_clump_C, patterned_corridor
Swamp:1:  layout_falls_marsh, nicolae_swamp_trees_clearing,
          grunt_lady_of_the_lake
Swamp:2:  layout_falls_marsh, ebering_ghost_funeral_grove,
          hangedman_swamp_ruin_hall
Swamp:3:  layout_basic_swamp, evilmike_swamp_ruin_house_2
Swamp:4:  swamp_icy, layout_basic_swamp
Spider:1: layout_spider_delve, uniq_donald
Spider:2: layout_spider_delve
Spider:3: layout_spider_delve, uniq_arachne, uniq_aizul, uniq_roxanne
Spider:4: grunt_spider_rune_circles, guppyfry_spider_mini_1
Orc:1:    layout_caves, serial_shops, shop, uniq_gastronok
Orc:2:    st_orc_town, layout_diamond_mine, nicolae_orc_tapped_out
Elf:1:    layout_loops_cross, ebering_ghost_inner_flame, serial_shops,
          nicolae_shop_hallway_plus, minmay_elf_demonology, st_stairs_2
Elf:2:    nicolae_elf_blades_crystal_corner, layout_onion_city, serial_shops,
          shop, portal_ice_cave_entry_dragon
Elf:3:    minmay_elf_hall_golems, layout_gridlike
Vaults:1: v_misc_2, vaults_room_door_ring, vaults_mumra_minichess, v_misc_23,
          nicolae_vaults_diagonal_hallway_7, ontoclasm_vaults_pinch,
          nicolae_vaults_layer_cake_slice, layout_vaults_quadrants, uniq_nikola
Vaults:2: gammafunk_ghost_mausoleum, nicolae_vaults_network_quincunx
          [nicolae_vaults_network_quincunx_subvault,
          nicolae_vaults_network_quincunx_subvault,
          nicolae_vaults_network_quincunx_subvault,
          nicolae_vaults_network_quincunx_subvault,
          nicolae_vaults_network_quincunx_subvault], nicolae_vaults_trapezoid_2,
          minmay_crypt_entry_vampire_xt, hangedman_vaults_nails,
          grunt_vaults_funnel, hangedman_vaults_slice, v_misc_9,
          vaults_room_pool, nicolae_vaults_tetromino_Z_2,
          vaults_room_fancy_cross, nicolae_vaults_ninety_degrees,
          layout_vaults_maze_bifur, serial_shops
Vaults:3: vaults_room_pools, nicolae_vaults_layer_cake_slice,
          grunt_vaults_bifocal, nicolae_vaults_wrenched,
          nicolae_vaults_six-pack, hangedman_vaults_nails,
          nicolae_vaults_big_ls, hangedman_vaults_slice,
          ontoclasm_vaults_ring_small, nicolae_vaults_closet_pinwheel_4,
          nicolae_vaults_diamond_2, layout_vaults_ring, uniq_sojobo
Vaults:4: vaults_room_pools, nicolae_vaults_meiosis, hangedman_vaults_unwind,
          nicolae_vaults_stairing_the_circle, vaults_room_fancy_cross,
          nicolae_vaults_security_offices_5, hangedman_vaults_pinch,
          v_pattern_1, v_misc_32, vaults_room_pool, nicolae_vaults_diamond_1,
          ontoclasm_vaults_shuriken, layout_vaults_omnicross, uniq_margery,
          uniq_mara, uniq_mennas
Vaults:5: serial_shops
Depths:1: layout_basic, hellmouth_3, serial_shops, nicolae_shop_trees, shop,
          kennysheep_mini_moat, minmay_holes, lemuel_zombie_altar_kikubaaqudgha
Depths:2: hangedman_arch_fort, layout_cave_pools, ziggurat_fallback, pan_entry,
          special_room [special_room_morgue], hangedman_geh_valley,
          infiniplex_staircase_spiral_double
Depths:3: minmay_isolated_rectangles_in_corner, layout_basic, serial_sigils,
          serial_sigils_hangedman_carve, serial_sigils_hangedman_writhe,
          serial_sigils_hangedman_stare, serial_sigils_hangedman_scar,
          serial_sigils_hangedman_quiver, abyss_entry,
          nicolae_hell_entry_big_baal_hell, beargit_elvish_explorers
Depths:4: evilmike_zot_entry_gauntlet, layout_cave_pools, dk_noncrumbling_2,
          pan_entry, grunt_mini_vestibule
Zot:1:    layout_cellular_growth, hangedman_player_shredder
Zot:2:    hangedman_orp_of_zott, layout_gridlike, nzn_ghost_randoct,
          zot_minivault_8
Zot:3:    layout_gridlike
Zot:4:    layout_onion_interference, gammafunk_ghost_grave, grunt_ministairs_5,
          st_small_dragon_hoard_1
Zot:5:    layout_onion

Skill      XL: |  1  2  3  4  5  6  7  8  9 10 11 12 13 14 15 16 17 18 19 20 21 22 23 24 25 26 27 |
---------------+----------------------------------------------------------------------------------+-----
Polearms       | 3 5 6 7 9 11 13 15 16 17 19 20 21 22 23 24 | 24.0
Dodging        | 2 4 6 7 9 10 11 12 13 14 15 16 17 18 19 21 22 | 22.2
Armour         | 2 4 6 7 9 10 11 12 13 14 15 16 17 18 19 20 | 20.7
Evocations     | 1 4 6 8 9 11 12 13 14 15 16 17 18 19 20 21 22 | 22.3
Fighting       | 5 7 9 10 11 12 13 14 15 16 17 18 19 21 22 | 22.5

Action                     |  1- 3 |  4- 6 |  7- 9 | 10-12 | 13-15 | 16-18 | 19-21 | 22-24 | 25-27 || total
---------------------------+-------+-------+-------+-------+-------+-------+-------+-------+-------++-------
  Melee: Spear             |   180 |   108 |    86 |       |       |       |       |       |       ||   374
         Punch             |       |     1 |     3 |       |       |       |       |       |       ||     4
         Glaive            |       |       |   200 |   462 |   253 |       |    15 |       |       ||   930
         Bardiche          |       |       |       |       |   846 |   835 |  1627 |  1912 |  1408 ||  6628
 Invoke: Berserk           |     1 |     2 |     5 |     4 |     3 |     8 |    12 |    12 |    11 ||    58
         Trog's Hand       |     1 |       |     1 |     2 |    11 |     2 |    21 |    19 |    13 ||    70
         Brothers in Arms  |       |       |       |       |       |     2 |     1 |     8 |     4 ||    15
  Evoke: Wand              |       |     1 |     1 |     4 |     7 |     5 |     3 |    14 |    13 ||    48
         Condenser vane    |       |       |       |       |       |       |       |       |     2 ||     2
    Use: Scroll            |     3 |     2 |     7 |    11 |    22 |     4 |     7 |     8 |    21 ||    85
         Potion            |       |       |       |     1 |     6 |     4 |     2 |     9 |     6 ||    28
   Stab: Sleeping          |     1 |       |       |       |       |       |       |       |       ||     1
         Held in net/web   |       |       |       |       |       |     1 |       |       |       ||     1
         Distracted        |       |       |       |       |       |       |     1 |     2 |     2 ||     5
 Armour: Animal skin       |     5 |       |       |       |       |       |       |       |       ||     5
         Plate armour      |    59 |    19 |   111 |   217 |   573 |   685 |   806 |   818 |    83 ||  3371
         Gold dragon scale |       |       |       |       |       |       |       |       |   618 ||   618
  Dodge: Dodged            |    46 |     7 |    40 |   127 |   446 |   578 |   700 |  1022 |   778 ||  3744
  Block: Other             |    16 |     5 |    31 |    64 |   141 |   188 |   164 |   180 |   121 ||   910
